[Event "Team 45 45 League T69"]
[Site "Internet Chess Club"]
[Date "2016.06.25"]
[Round "2"]
[White "noblitz-oblige"]
[Black "Pawnchain"]
[Result "0-1"]
[WhiteElo "1474"]
[BlackElo "1601"]
[Opening "French: exchange variation"]
[ECO "C01"]
[Time "11:30:39"]
[TimeControl "2700+45"]

1. e4 e6 2. d4 d5 3. exd5 exd5 4. Nf3 Nc6 5. Be2 Bd6 6. Nc3 Nge7 7. O-O Bf5 8.
a3 O-O 9. Nb5 a6 10. Nxd6 Qxd6 11. Re1 Ng6 12. h3 Nce7 13. Be3 Qc6 14. Rc1 Qd7
15. Bf1 Be4 16. Nd2 Bf5 17. c4 c6 18. c5 Be6 19. Nf3 f5 20. Ng5 Rf6 21. Bd2 Bf7
22. Nxf7 Rxf7 23. Bd3 Raf8 24. Qf3 f4 25. Re2 Nf5 26. Bc3 Nfh4 27. Qh5 f3 28.
Bxg6 Nxg6 29. gxf3 Nf4 {White resigns} 0-1

[Event "Team 45 45 League T69"]
[Site "Internet Chess Club"]
[Date "2016.06.21"]
[Round "2"]
[White "tamky70"]
[Black "KidRattler"]
[Result "0-1"]
[WhiteElo "1324"]
[BlackElo "1596"]
[Opening "Budapest defense declined"]
[ECO "A51"]
[Time "19:30:04"]
[TimeControl "2700+45"]

1. d4 Nf6 2. c4 e5 3. e3 exd4 4. exd4 d5 5. Nf3 Bg4 6. Be2 c6 7. Ne5 Bxe2 8.
Qxe2 Be7 9. O-O Nbd7 10. Bg5 h6 11. Bf4 Nxe5 12. Bxe5 O-O 13. b3 Re8 14. c5 Nd7
15. Qh5 Bxc5 16. Bxg7 Kxg7 17. dxc5 Nxc5 18. Qg4+ Qg5 19. Qd4+ Qf6 20. Qg4+ Kh7
21. Nd2 Rg8 22. Qb4 Nd3 23. Qxb7 Qg5 24. g3 Qxd2 25. Qxc6 Ne5 26. Qf6 Rae8 27.
Rad1 Qg5 28. Qxg5 hxg5 29. Rxd5 f6 30. Kg2 Rg7 31. f4 Ng4 32. Rf3 Re2+ 33. Kf1
Rge7 34. fxg5 Nxh2+ {White resigns} 0-1

[Event "Team 45 45 League T69"]
[Site "Internet Chess Club"]
[Date "2016.06.17"]
[Round "2"]
[White "bss2005"]
[Black "Pomberito"]
[Result "1/2-1/2"]
[WhiteElo "1936"]
[BlackElo "2091"]
[Opening "Scotch gambit: Dubois-Réti defense"]
[ECO "C55"]
[Time "17:00:32"]
[TimeControl "2700+45"]

1. e4 e5 2. Nf3 Nc6 3. Bc4 Nf6 4. d4 exd4 5. e5 d5 6. Bb5 Ne4 7. Nxd4 Bc5 8. Be3
Bd7 9. Bxc6 bxc6 10. O-O O-O 11. f3 Ng5 12. f4 Ne4 13. Nd2 f6 14. Nxe4 dxe4 15.
e6 Bxd4 16. Qxd4 Bxe6 17. Qxe4 Qd5 18. Qxd5 cxd5 19. Bc5 Rfe8 20. Rfe1 a6 21. a4
Bf5 22. c3 Bc2 23. a5 Kf7 24. Kf2 Re4 25. Rxe4 dxe4 26. b4 Rd8 27. Bd4 Ke6 28.
Ke3 Kd5 29. g4 Kc4 30. h4 Rd5 31. Rc1 Bd3 32. g5 fxg5 33. hxg5 h6 34. Rg1 hxg5
35. Rxg5 Rxg5 36. fxg5 g6 37. Be5 c5 38. Bd6 cxb4 39. cxb4 Kd5 40. Bc5 Ke5 41.
Be7 Kf5 42. Bf6 Bb5 43. Bd8 {Game drawn by mutual agreement} 1/2-1/2

[Event "Team 45 45 League T69"]
[Site "Internet Chess Club"]
[Date "2016.06.20"]
[Round "2"]
[White "f5"]
[Black "Knight8700"]
[Result "1/2-1/2"]
[WhiteElo "2103"]
[BlackElo "1926"]
[Opening "Catalan: closed, 6...Nbd7"]
[ECO "E07"]
[Time "22:00:33"]
[TimeControl "2700+45"]

1. d4 d5 2. c4 e6 3. Nf3 Nf6 4. g3 Be7 5. Bg2 O-O 6. O-O Nbd7 7. Nc3 c6 8. b3 b6
9. Bb2 Bb7 10. Re1 c5 11. cxd5 Nxd5 12. Nxd5 exd5 13. Rc1 Bf6 14. Qd2 Qe7 15. e3
Rac8 16. Ba3 Rfd8 17. Rc2 Qe6 18. Rec1 Be7 19. h4 h6 20. Kh2 Bd6 21. Qd3 Qf6 22.
Qd1 Qe7 23. Bb2 f5 24. Kg1 Qe6 25. Qd3 Rf8 26. Qb5 a6 27. Qd3 Bc6 28. Qd1 Kh8
29. h5 Be7 30. Rd2 Qf7 31. Ne1 Bf6 32. Nd3 c4 33. Nf4 Kh7 34. bxc4 dxc4 35. Qc2
Bg5 36. d5 Bb7 37. Ne6 Rg8 38. Bh3 Kh8 39. Bxf5 c3 40. Bxc3 Rxc3 41. Qxc3 Qxf5
42. Nxg5 Qxg5 43. e4 Rc8 44. Qb2 Rxc1+ 45. Qxc1 Nc5 46. Qe1 Nxe4 47. Qxe4 Qxd2
48. Qe8+ Kh7 49. Qg6+ Kh8 50. Qe8+ Kh7 51. Qg6+ Kh8 52. Qe8+ {Game drawn by
repetition} 1/2-1/2

[Event "Team 45 45 League T69"]
[Site "Internet Chess Club"]
[Date "2016.06.20"]
[Round "2"]
[White "gomeschess"]
[Black "primerpaso"]
[Result "1-0"]
[WhiteElo "2011"]
[BlackElo "1790"]
[Opening "Sicilian: Najdorf, Lipnitzky attack"]
[ECO "B86"]
[Time "18:30:34"]
[TimeControl "2700+45"]

1. e4 c5 2. Nf3 d6 3. d4 cxd4 4. Nxd4 Nf6 5. Nc3 a6 6. Bc4 e6 7. Bb3 Nc6 8. Be3
Bd7 9. Qe2 Be7 10. O-O-O Qa5 11. g4 Nxd4 12. Rxd4 Bc6 13. f3 O-O-O 14. Rhd1 Nd7
15. Kb1 Nc5 16. Qf2 Rd7 17. R4d2 Rhd8 18. Bd4 Bf8 19. a3 Re8 20. Ba2 Qd8 21. b4
Na4 22. Nxa4 Bxa4 23. Bb6 Qf6 24. Bb3 Bc6 25. c4 Kb8 26. Qe2 Qe5 27. Bd4 Qg5 28.
h4 Qd8 29. b5 Qa5 30. bxc6 bxc6 31. Rb2 Ka8 32. Qe3 Rb7 33. Ka2 d5 34. c5 Reb8
35. exd5 cxd5 36. Rdb1 Rb4 37. Bxd5+ {Black resigns} 1-0

[Event "Team 45 45 League T69"]
[Site "Internet Chess Club"]
[Date "2016.06.17"]
[Round "2"]
[White "Heian"]
[Black "yyoo"]
[Result "0-1"]
[WhiteElo "1683"]
[BlackElo "1773"]
[Opening "Giuoco Pianissimo: Italian four knights variation"]
[ECO "C50"]
[Time "18:38:54"]
[TimeControl "2700+45"]

1. e4 e5 2. Nf3 Nc6 3. Bc4 Bc5 4. Nc3 Nf6 5. d3 d6 6. h3 h6 7. O-O O-O 8. a3 Qe7
9. Nd5 Nxd5 10. Bxd5 Be6 11. Be3 Bb6 12. Bxb6 axb6 13. Ba2 Bxa2 14. Rxa2 f5 15.
exf5 Rxf5 16. Ra1 Raf8 17. c3 Rxf3 18. gxf3 Rf4 19. Re1 Qg5+ 20. Kf1 Qh4 21. Re3
Qxh3+ 22. Ke2 Ne7 23. Qh1 Qf5 24. Re4 Ng6 25. Rg1 d5 26. Re3 Rh4 27. Rxg6 Rxh1
28. Rg3 Rb1 29. b4 Rb3 30. Kd2 Rxa3 31. Re1 Ra2+ 32. Kc1 Qxd3 33. Rxe5 Qc2#
{White checkmated} 0-1

[Event "Team 45 45 League T69"]
[Site "Internet Chess Club"]
[Date "2016.06.16"]
[Round "2"]
[White "DarthDaver"]
[Black "JefferyChess"]
[Result "1/2-1/2"]
[WhiteElo "2041"]
[BlackElo "1967"]
[Opening "Ruy Lopez: Möller defense"]
[ECO "C78"]
[Time "23:00:34"]
[TimeControl "2700+45"]

1. e4 e5 2. Nf3 Nc6 3. Bb5 a6 4. Ba4 Nf6 5. O-O Bc5 6. c3 b5 7. Bc2 d5 8. d4
dxe4 9. Nxe5 Nxe5 10. dxe5 Qxd1 11. Rxd1 Ng4 12. Bxe4 Rb8 13. Bc6+ Ke7 14. Bg5+
Ke6 15. Bh4 Nxe5 16. Bd5+ Kf5 17. Bxf7 Bxf2+ 18. Bxf2 Nxf7 19. Nd2 Re8 20. Nf3
Kg6 21. Bg3 Bg4 22. Nh4+ Kh5 23. Rd5+ g5 24. Nf5 Rbd8 25. Ng7+ Kg6 26. Nxe8 Rxd5
27. Nxc7 Rd2 28. b3 Bc8 29. a4 bxa4 30. Rxa4 Rd1+ 31. Kf2 Rd2+ 32. Kf1 Bb7 33.
Nxa6 Bxg2+ 34. Ke1 Rd3 35. Ra2 Bf3 36. Rc2 Nh6 37. Nc5 Re3+ 38. Kd2 Nf5 39. Bf2
Re8 40. c4 h5 41. b4 g4 42. b5 h4 43. b6 g3 44. hxg3 Rd8+ 45. Nd3 Be4 46. Rc3 h3
47. Bg1 Nxg3 48. c5 Bxd3 49. Rxd3 Ne4+ 50. Ke2 Rxd3 51. Kxd3 Nxc5+ 52. Kc4 Nb7
53. Kb5 Nd8 54. Kc5 Kf7 55. Kd6 Nb7+ 56. Kc7 Na5 {Game drawn by mutual
agreement} 1/2-1/2

[Event "Team 45 45 League T69"]
[Site "Internet Chess Club"]
[Date "2016.06.19"]
[Round "2"]
[White "TheRailgun"]
[Black "LarsenB"]
[Result "1-0"]
[WhiteElo "1875"]
[BlackElo "1835"]
[Opening "French: Winawer, advance variation"]
[ECO "C16"]
[Time "16:00:38"]
[TimeControl "2700+45"]

1. e4 e6 2. d4 d5 3. Nc3 Bb4 4. e5 Ne7 5. Qg4 c5 6. a3 Qa5 7. Ne2 cxd4 8. Rb1
Bxa3 9. bxa3 dxc3 10. Qxg7 Rg8 11. Qxh7 Nbc6 12. Qd3 Nxe5 13. Qxc3 Qxc3+ 14.
Nxc3 Nf5 15. h4 b6 16. Nb5 Kd8 17. Bg5+ Kd7 18. Bf6 Ng4 19. Ba1 Bb7 20. Nd4 Nxd4
21. Bxd4 e5 22. Ba1 f6 23. h5 Rac8 24. Bd3 Nh6 25. g3 Ke6 26. Kd2 d4 27. Rhe1
Kd6 28. Bg6 Bd5 29. a4 Nf7 30. f4 Nh6 31. a5 bxa5 32. Rb5 a4 33. Ra5 Rc7 34. Bb2
Kd7 35. Rxd5+ {Black resigns} 1-0

[Event "Team 45 45 League T69"]
[Site "Internet Chess Club"]
[Date "2016.06.16"]
[Round "2"]
[White "bobhill"]
[Black "CaptK"]
[Result "1-0"]
[WhiteElo "1844"]
[BlackElo "1854"]
[Opening "King's Indian: Torre attack"]
[ECO "A48"]
[Time "21:53:38"]
[TimeControl "2700+45"]

1. d4 Nf6 2. Nf3 g6 3. Bg5 Bg7 4. Nbd2 d6 5. e4 h6 6. Bh4 g5 7. Bg3 Nh5 8. c3
Nxg3 9. hxg3 c5 10. d5 Nd7 11. Bd3 a6 12. Nc4 b5 13. Ne3 Ne5 14. Bc2 Rb8 15. Qe2
b4 16. Ba4+ Bd7 17. Bxd7+ Qxd7 18. c4 Nxf3+ 19. gxf3 e6 20. f4 Qa4 21. fxg5 hxg5
22. Rxh8+ Bxh8 23. dxe6 fxe6 24. Qh5+ Kd7 25. Qf7+ Kc6 26. Qxe6 Bxb2 27. Rd1
Bc3+ 28. Kf1 Bd4 29. Kg2 Rd8 30. Rd2 Bxe3 31. fxe3 b3 32. axb3 Qxb3 33. Qd5+ Kc7
34. e5 Qb6 35. e4 Qc6 36. e6 Qxd5 37. exd5 a5 38. Ra2 Ra8 39. Kf3 a4 40. Ra3 Kb6
41. Kg4 Ka5 42. Kxg5 Kb4 43. Ra1 Rg8+ 44. Kf6 Rxg3 45. Ke7 Kxc4 46. Kxd6 Re3 47.
Rxa4+ Kb5 48. Ra8 c4 49. e7 c3 50. e8=Q+ Rxe8 51. Rxe8 c2 52. Rc8 {Black
resigns} 1-0

[Event "Team 45 45 League T69"]
[Site "Internet Chess Club"]
[Date "2016.06.16"]
[Round "2"]
[White "backrankbrawler"]
[Black "Beetlejuice"]
[Result "1-0"]
[WhiteElo "1752"]
[BlackElo "1773"]
[Opening "Dutch defense"]
[ECO "A87"]
[Time "13:00:32"]
[TimeControl "2700+45"]

1. d4 f5 2. g3 Nf6 3. Bg2 g6 4. Nf3 Bg7 5. O-O O-O 6. c4 d6 7. Nc3 Qe8 8. d5 a5
9. Qc2 Na6 10. a3 Nc5 11. Be3 e5 12. dxe6 Nxe6 13. Nd5 Ng4 14. Bd2 Qd8 15. Rab1
c6 16. Nc3 Nf6 17. b4 d5 18. cxd5 Nxd5 19. b5 Nxc3 20. Bxc3 Bd7 21. Bxg7 Kxg7
22. Ne5 Be8 23. bxc6 bxc6 24. Nxc6 Qc7 25. Qb2+ Kg8 26. Ne7+ Qxe7 27. Bxa8 f4
28. Bd5 Bf7 29. Qe5 fxg3 30. hxg3 Re8 31. Bxe6 Bxe6 32. Qxa5 Bf5 33. Ra1 Qe4 34.
Qb4 Qe5 35. Rfe1 Bh3 36. e4 Qh5 37. Qc3 Rc8 38. Qd3 Bg4 39. Qd5+ {Black resigns}
1-0

[Event "Team 45 45 League T69"]
[Site "Internet Chess Club"]
[Date "2016.06.19"]
[Round "2"]
[White "calsal"]
[Black "zap2"]
[Result "1-0"]
[WhiteElo "1771"]
[BlackElo "1712"]
[Opening "Pirc defense"]
[ECO "B07"]
[Time "12:12:45"]
[TimeControl "2700+45"]

1. e4 d6 2. d4 Nf6 3. Nc3 e5 4. dxe5 dxe5 5. Qxd8+ Kxd8 6. Bg5 c6 7. O-O-O+ Ke8
8. Nf3 Nbd7 9. Bxf6 gxf6 10. Bc4 Nc5 11. h3 Be6 12. Be2 a5 13. Kb1 b5 14. Bd3 b4
15. Ne2 a4 16. Nh4 b3 17. a3 bxc2+ 18. Bxc2 Rb8 19. Nc3 Bb3 20. Nf5 h5 21. Rhe1
Rg8 22. g3 Rg5 23. h4 Rg4 24. f3 Rg8 25. Rd2 Rd8 26. Red1 Rxd2 27. Rxd2 Be7 28.
Ne2 Bc4 29. Nc1 Be6 30. Ne2 Bxf5 31. exf5 Bf8 32. Rd1 Ke7 33. Rg1 Bh6 34. Nc3
Be3 35. Rg2 Ra8 36. g4 Nb3 37. Bxb3 axb3 38. gxh5 Rd8 39. Rg4 Rd2 40. Rb4 Rf2
41. Rxb3 Rxf3 42. Nd1 Rf1 43. Kc2 Bh6 44. Rb7+ Kd6 45. Rxf7 Rxf5 46. Rh7 Rxh5
47. Ne3 f5 48. Rxh6+ Rxh6 49. Nxf5+ Ke6 50. Nxh6 Kf6 51. Kd3 Kg6 52. a4 Kxh6 53.
a5 {Black resigns} 1-0

[Event "Team 45 45 League T69"]
[Site "Internet Chess Club"]
[Date "2016.06.18"]
[Round "2"]
[White "Portola"]
[Black "Yedixon"]
[Result "1-0"]
[WhiteElo "1851"]
[BlackElo "1689"]
[Opening "Queen's pawn game"]
[ECO "D00"]
[Time "12:37:48"]
[TimeControl "2700+45"]

1. d4 d5 2. c3 Nc6 3. Nf3 Bg4 4. Bf4 f6 5. Nbd2 Qd7 6. Qa4 O-O-O 7. e3 g5 8. Bg3
Nh6 9. h3 Bxf3 10. Nxf3 Nf5 11. Bh2 h5 12. Bb5 g4 13. Nd2 a6 14. Bxc6 Qxc6 15.
Qxc6 bxc6 16. O-O-O Bh6 17. Rde1 Nd6 18. Bf4 Bxf4 19. exf4 Kd7 20. h4 Nb7 21.
Nb3 Kd6 22. Re3 c5 23. dxc5+ Nxc5 24. Nxc5 Kxc5 25. Rxe7 c6 26. Re6 Rd6 27. b4+
{Black resigns} 1-0

[Event "Team 45 45 League T69"]
[Site "Internet Chess Club"]
[Date "2016.06.19"]
[Round "2"]
[White "BrerRabbit"]
[Black "drsigmund1"]
[Result "1-0"]
[WhiteElo "1451"]
[BlackElo "1496"]
[Opening "Queen's pawn"]
[ECO "A40"]
[Time "20:00:42"]
[TimeControl "2700+45"]

1. d4 e6 2. Bf4 f5 3. e3 Nf6 4. Nf3 Be7 5. c4 c6 6. Nc3 d5 7. h3 Bb4 8. Bd3 Qa5
9. Qc2 dxc4 10. Bxc4 Ne4 11. Rc1 O-O 12. O-O Bxc3 13. bxc3 Na6 14. Bd3 Nf6 15.
Ne5 Qd8 16. Bxa6 bxa6 17. Nxc6 Qe8 18. Ne5 Bb7 19. f3 Nd5 20. Rfe1 Rc8 21. Qb3
Qb5 22. c4 Qxb3 23. axb3 Nb4 24. Red1 Rfe8 25. Kf2 h6 26. h4 Kf8 27. Ra1 Ke7 28.
Ra4 Nc6 29. Nd3 a5 30. Ne5 Nxe5 31. Bxe5 g5 32. hxg5 hxg5 33. Rh1 Ba8 34. Rxa5
g4 35. Rxa7+ {Black resigns} 1-0

[Event "Team 45 45 League T69"]
[Site "Internet Chess Club"]
[Date "2016.06.19"]
[Round "2"]
[White "houseofcook"]
[Black "stantheman59"]
[Result "1-0"]
[WhiteElo "1451"]
[BlackElo "1143"]
[Opening "French: advance variation"]
[ECO "C02"]
[Time "13:03:51"]
[TimeControl "2700+45"]

1. e4 e6 2. d4 d5 3. e5 Bb4+ 4. c3 Ba5 5. Qg4 g6 6. Nf3 c5 7. Nbd2 Nh6 8. Qf4
Nf5 9. Nb3 cxd4 10. Nbxd4 Nxd4 11. Nxd4 Bd7 12. b4 Bb6 13. Bd2 Qc7 14. Nb5 Bxb5
15. Bxb5+ Nc6 16. O-O O-O-O 17. Rfe1 Rhf8 18. a4 a6 19. Bf1 Nxe5 20. Qxe5 Rd6
21. a5 Ba7 22. b5 f6 23. Qg3 axb5 24. Bxb5 Qc5 25. Reb1 Bb8 26. Qe3 Qc7 27. a6
b6 28. g3 e5 29. Bf1 Kd8 30. Bc1 Rf7 31. Ba3 Rc6 32. Bb4 Ba7 33. Bb5 Re6 34. Rd1
d4 35. cxd4 e4 36. Rac1 Qb8 37. Bc4 {Black resigns} 1-0

[Event "Team 45 45 League T69"]
[Site "Internet Chess Club"]
[Date "2016.06.15"]
[Round "2"]
[White "GrandUnified"]
[Black "kllrchris"]
[Result "0-1"]
[WhiteElo "1459"]
[BlackElo "1724"]
[Opening "Réti: King's Indian attack"]
[ECO "A05"]
[Time "20:30:45"]
[TimeControl "2700+45"]

1. Nf3 Nf6 2. g3 g6 3. Bg2 Bg7 4. d3 O-O 5. O-O d6 6. Nbd2 Nbd7 7. Re1 e5 8. e4
b6 9. c3 Bb7 10. Qc2 a5 11. a4 Re8 12. Nc4 Ba6 13. h3 Nf8 14. Be3 Ne6 15. b4 c5
16. bxc5 Nxc5 17. Nfd2 Rc8 18. Rab1 d5 19. exd5 Nxd5 20. Bxd5 Qxd5 21. Nxb6 Qxd3
22. Qa2 Rcd8 23. Rbd1 Ne4 24. Nxe4 Qxe4 25. Rc1 Bb7 26. f4 Qh1+ 27. Kf2 Qg2#
{White checkmated} 0-1

[Event "Team 45 45 League T69"]
[Site "Internet Chess Club"]
[Date "2016.06.20"]
[Round "2"]
[White "SimplyAbed"]
[Black "rayonline53"]
[Result "0-1"]
[WhiteElo "1428"]
[BlackElo "1444"]
[Opening "Sicilian: Alapin's variation (2.c3)"]
[ECO "B22"]
[Time "11:13:40"]
[TimeControl "2700+45"]

1. e4 c5 2. c3 d6 3. d4 cxd4 4. cxd4 g6 5. Nf3 Bg7 6. Nc3 Nf6 7. Be3 O-O 8. Qd2
Nbd7 9. Bc4 a6 10. Bh6 b5 11. Bxg7 Kxg7 12. Bd3 Bb7 13. a3 Rc8 14. Qg5 Nb6 15.
h4 h6 16. Qf4 Qd7 17. e5 Nh5 18. Qe3 Nd5 19. Nxd5 Bxd5 20. O-O Qg4 21. exd6 exd6
22. Be2 Nf4 23. g3 Nxe2+ 24. Qxe2 Bxf3 25. Qe3 Rfe8 26. Qf4 Qxf4 27. gxf4 Rc2
28. b4 Ree2 29. a4 Bc6 30. d5 Bd7 31. Kg2 bxa4 32. Kf3 h5 33. Kg3 Rc3+ 34. f3
Bb5 35. Rae1 Rcc2 36. Rg1 a3 37. f5 a2 38. fxg6 fxg6 39. Kf4 Rxe1 40. Rxe1 Re2
41. Rc1 Kf6 42. Rc8 a1=Q 43. Rf8+ Kg7 {White resigns} 0-1

[Event "Team 45 45 League T69"]
[Site "Internet Chess Club"]
[Date "2016.06.16"]
[Round "2"]
[White "Innes"]
[Black "Mitochondria"]
[Result "1/2-1/2"]
[WhiteElo "1556"]
[BlackElo "1529"]
[Opening "French: advance, Milner-Barry gambit"]
[ECO "C02"]
[Time "21:01:25"]
[TimeControl "2700+45"]

1. e4 e6 2. d4 d5 3. e5 c5 4. c3 Nc6 5. Nf3 Qb6 6. Bd3 cxd4 7. cxd4 Bd7 8. O-O
Nxd4 9. Nxd4 Qxd4 10. Nc3 Qxe5 11. Re1 Qc7 12. Nxd5 Qc5 13. Nf4 Nf6 14. Be3 Qa5
15. Bd4 Be7 16. Bc4 O-O 17. Bxf6 Bxf6 18. Qxd7 Rfd8 19. Qxb7 Rab8 20. Qf3 Rxb2
21. Rad1 Rbd2 22. Rxd2 Qxd2 23. Rf1 h6 24. Bb3 Bg5 25. Nh3 Be7 26. Rd1 Qa5 27.
Rxd8+ Bxd8 28. g3 Bb6 29. Kg2 g6 30. Nf4 Qe1 31. Qe2 Qc1 32. Nxe6 Qc6+ 33. f3
fxe6 34. Bxe6+ Kf8 35. Qe5 Qc7 36. Qf6+ Ke8 37. Qxg6+ Ke7 38. Qf7+ Kd6 39. Qxc7+
Kxc7 40. f4 Kd6 41. f5 Ke5 42. Kf3 Bg1 43. h3 Bc5 44. Kg4 Bf2 45. Kh5 Be3 46.
Kg6 Bd2 47. h4 Be1 48. g4 Bxh4 49. Kxh6 Kf6 50. Kh7 a5 51. a4 Bg5 52. Kg8 Bd2
53. Kf8 Bg5 54. Ke8 Bd2 55. Kd7 Bg5 56. Kd6 Bd2 57. Kd5 Bg5 58. Ke4 Bh6 59. Kd3
Bg5 60. Kc4 Bd2 61. Bd7 Bb4 62. Kb5 Bd2 63. Bc6 Kg5 64. Bf3 Kf6 65. Kc4 Bg5 66.
Kd4 Bd2 67. Be4 Bg5 68. Kd3 Bf4 69. Ke2 Bg5 70. Kf3 Bd2 71. Kg3 Bg5 72. Kh3 Ke5
73. Bd3 Kf6 {Game drawn by mutual agreement} 1/2-1/2

[Event "Team 45 45 League T69"]
[Site "Internet Chess Club"]
[Date "2016.06.18"]
[Round "2"]
[White "Scorpius"]
[Black "Electryon"]
[Result "0-1"]
[WhiteElo "1382"]
[BlackElo "1463"]
[Opening "French: exchange variation"]
[ECO "C01"]
[Time "21:02:22"]
[TimeControl "2700+45"]

1. d4 e6 2. e4 d5 3. exd5 exd5 4. Nf3 Bg4 5. c4 Bb4+ 6. Nc3 c6 7. Be2 Ne7 8. c5
O-O 9. Bg5 f6 10. Bf4 Ng6 11. Bd6 Re8 12. O-O Nd7 13. Re1 b6 14. a3 Bxc3 15.
bxc3 bxc5 16. dxc5 Bxf3 17. Bxf3 Nb6 18. Rxe8+ Qxe8 19. cxb6 axb6 20. Bh5 Qe4
21. Bxg6 Qxg6 22. h3 b5 23. a4 Ra5 24. axb5 Rxb5 25. Ra8+ Kf7 26. Qe2 Rb1+ 27.
Kh2 Qe4 28. Qh5+ Qg6 29. Rf8+ Ke6 30. Qe2+ Kxd6 31. Rd8+ Kc5 32. Qe3+ Kc4 33.
Qd4+ Kb3 34. Rb8+ Kc2 35. Qa4+ Kc1 36. Rxb1+ Kxb1 37. Qxc6 Qg5 38. Qc7 Qe5+ 39.
Qxe5 fxe5 40. Kg1 Kc2 41. Kf1 Kxc3 42. Ke2 d4 43. f3 Kc2 44. f4 d3+ 45. Ke3
exf4+ 46. Kxf4 d2 47. g4 d1=Q 48. g5 Qf1+ 49. Kg4 Kd3 50. Kh5 Qxh3# {White
checkmated} 0-1

[Event "Team 45 45 League T69"]
[Site "Internet Chess Club"]
[Date "2016.06.18"]
[Round "2"]
[White "WascallyWabbit"]
[Black "fireball"]
[Result "0-1"]
[WhiteElo "1514"]
[BlackElo "1569"]
[Opening "Bird's opening"]
[ECO "A03"]
[Time "10:03:23"]
[TimeControl "2700+45"]

1. f4 d5 2. b3 c5 3. e3 Nc6 4. Bb5 Qb6 5. c4 a6 6. Bxc6+ Qxc6 7. Nf3 dxc4 8.
bxc4 Bg4 9. Nc3 Bxf3 10. Qxf3 Qxf3 11. gxf3 Nf6 12. Ne4 Nxe4 13. fxe4 g6 14. Bb2
Rg8 15. a4 Kd7 16. d4 cxd4 17. exd4 Bh6 18. Rf1 f5 19. e5 Rac8 20. Rc1 b5 21.
axb5 axb5 22. c5 Kc6 {White resigns} 0-1

[Event "Team 45 45 League T69"]
[Site "Internet Chess Club"]
[Date "2016.06.16"]
[Round "2"]
[White "bardu"]
[Black "mongmong"]
[Result "1/2-1/2"]
[WhiteElo "1428"]
[BlackElo "1532"]
[Opening "Nimzo-Indian: 4.e3, main line with ...b6"]
[ECO "E52"]
[Time "18:07:16"]
[TimeControl "2700+45"]

1. d4 e6 2. c4 Nf6 3. Nc3 Bb4 4. e3 O-O 5. Bd3 d5 6. Nf3 b6 7. O-O Bb7 8. cxd5
exd5 9. a3 Bd6 10. b4 Re8 11. Qb3 Nbd7 12. a4 c6 13. Ba3 Ne4 14. b5 c5 15. Nxd5
cxd4 16. Bxe4 Rxe4 17. Bxd6 Nc5 18. Bxc5 Bxd5 19. Qd3 bxc5 20. exd4 c4 21. Qc3
Rg4 22. Rfd1 Qf6 23. Ra3 Qg6 24. g3 Qh5 25. Qe3 f6 26. Re1 Qh3 27. Qe7 Rxd4 28.
Qc5 Rd2 29. Rae3 h6 30. Nh4 Kh7 31. Re7 Rg8 32. Qe3 Rd3 33. Qf4 c3 34. Qxf6 Qg4
35. Nf5 Qg6 36. Qxg6+ Kxg6 37. R7e5 Bf3 38. Nh4+ Kh7 39. Nxf3 Rxf3 40. Rc1 Rc8
41. Rc2 Rc4 42. Re3 Rf5 43. Rexc3 Rxa4 44. Rb2 Rf7 45. b6 axb6 46. Rxb6 Ra2
{Game drawn by mutual agreement} 1/2-1/2

[Event "Team 45 45 League T69"]
[Site "Internet Chess Club"]
[Date "2016.06.19"]
[Round "2"]
[White "dabodhi"]
[Black "Gilguli"]
[Result "0-1"]
[WhiteElo "1438"]
[BlackElo "1390"]
[Opening "Scotch gambit"]
[ECO "C44"]
[Time "14:31:03"]
[TimeControl "2700+45"]

1. e4 e5 2. Nf3 Nc6 3. d4 exd4 4. Bc4 Qe7 5. Qe2 Ne5 6. Nxe5 Qxe5 7. O-O Nf6 8.
f3 Bc5 9. Kh1 d5 10. Bb5+ c6 11. exd5 Qxe2 12. Bxe2 Nxd5 13. Bd2 Bf5 14. Bd3
Bxd3 15. cxd3 O-O-O 16. Na3 Bxa3 17. bxa3 Rde8 18. Rfe1 Ne3 19. Bxe3 dxe3 20.
Rac1 e2 21. Rc2 Re3 22. Rcxe2 Rxd3 23. Re3 Rhd8 24. h4 Rd2 25. Re7 R8d7 26. Kg1
c5 27. R7e5 b6 28. a4 c4 29. a5 c3 30. axb6 axb6 31. R1e4 c2 32. Re8+ Kb7 33.
Rc4 Rd1+ 34. Kf2 c1=Q 35. Rxc1 Rxc1 36. a4 f5 37. Rf8 Rc5 38. Kg3 Kc6 39. Kf4
Rc4+ 40. Kg3 Rxa4 41. Rxf5 Rad4 42. Rf8 b5 43. Rc8+ Rc7 44. Rb8 b4 45. Ra8 Kc5
46. Ra5+ Kc4 47. Ra1 Kb3 48. Ra5 Kb2 49. Rh5 g6 50. Rb5 Kc2 51. h5 gxh5 52. Rxh5
b3 53. Ra5 b2 54. Ra2 Kb3 {White resigns} 0-1

[Event "Team 45 45 League T69"]
[Site "Internet Chess Club"]
[Date "2016.06.17"]
[Round "2"]
[White "Toalla"]
[Black "smsxman"]
[Result "0-1"]
[WhiteElo "1308"]
[BlackElo "1340"]
[Opening "QGD"]
[ECO "A50"]
[Time "09:00:39"]
[TimeControl "2700+45"]

1. c4 Nf6 2. d4 d5 3. Nf3 e6 4. Bg5 Be7 5. Nc3 Nc6 6. cxd5 Nxd5 7. Bxe7 Ndxe7 8.
e3 O-O 9. Bd3 g6 10. O-O a6 11. a4 Bd7 12. Rc1 Re8 13. Re1 Na7 14. b4 c6 15. e4
b5 16. e5 Nd5 17. Nxd5 cxd5 18. a5 Nc6 19. Qb3 Qe7 20. Rc5 Rec8 21. Rec1 Na7 22.
Qb2 Rxc5 23. Rxc5 Rc8 24. Qc1 Rxc5 25. Qxc5 Qxc5 26. dxc5 Nc6 27. Nd2 Nxe5 28.
Bc2 Nc6 29. Bb3 Nxb4 30. Nf3 f6 31. Kf1 Nc6 32. Ke2 Nxa5 33. Bc2 Nb7 34. Nd4
Nxc5 {White resigns} 0-1

[Event "Team 45 45 League T69"]
[Site "Internet Chess Club"]
[Date "2016.06.19"]
[Round "2"]
[White "Tjet"]
[Black "Chesstime2016"]
[Result "0-1"]
[WhiteElo "1395"]
[BlackElo "1478"]
[Opening "English opening"]
[ECO "A13"]
[Time "20:34:09"]
[TimeControl "2700+45"]

1. c4 e6 2. Nf3 Nc6 3. g3 d5 4. cxd5 exd5 5. Bg2 Nf6 6. O-O Bc5 7. d4 Bb6 8. Nc3
Bg4 9. e3 O-O 10. a3 a6 11. Na4 Ba7 12. b4 b5 13. Nc5 Bxc5 14. bxc5 Re8 15. Qc2
Ne4 16. Bd2 Qf6 17. Ne1 Be2 18. Bxe4 Rxe4 19. f3 Bxf1 20. fxe4 Bh3 21. Ng2 Qf3
22. Bc1 Bxg2 23. Qxg2 Qxe4 24. Qxe4 dxe4 25. Bd2 Rd8 26. Rb1 f5 27. Kg2 Kf7 28.
h3 Ke6 29. g4 g6 30. Rc1 Kd5 31. Kg3 fxg4 32. Kxg4 h6 33. Be1 Ne7 34. Bg3 c6 35.
Rc3 Nf5 36. h4 Nxg3 37. Kxg3 Rf8 38. Kg4 a5 39. Rc1 Rf3 40. Rc3 b4 41. axb4 axb4
42. Rb3 Kc4 43. Rb1 Rxe3 44. Kf4 Rd3 45. Kxe4 Rxd4+ 46. Ke5 Kxc5 47. Rc1+ Rc4
48. Rg1 Rxh4 49. Rxg6 b3 50. Rg1 b2 51. Rb1 Rb4 52. Kf5 Kc4 53. Ke4 Kc3+ 54. Ke3
Kc2 55. Rh1 b1=Q {White resigns} 0-1

[Event "Team 45 45 League T69"]
[Site "Internet Chess Club"]
[Date "2016.06.16"]
[Round "2"]
[White "tuantuan"]
[Black "KidRattler"]
[Result "0-1"]
[WhiteElo "1452"]
[BlackElo "1590"]
[Opening "Ruy Lopez: Schliemann defense"]
[ECO "C63"]
[Time "13:28:14"]
[TimeControl "2700+45"]

1. e4 e5 2. Nf3 Nc6 3. Bb5 f5 4. d3 fxe4 5. dxe4 d6 6. O-O Nf6 7. Bg5 Be7 8. h3
h6 9. Bh4 Nxe4 10. Bxe7 Qxe7 11. Re1 Nf6 12. Nc3 Be6 13. Bxc6+ bxc6 14. Qd2 O-O
15. Rad1 Nh5 16. Qe2 Nf4 17. Qe3 Qf7 18. b3 Qg6 19. Nh4 Qg5 20. Qg3 Qh5 21. Rd2
g5 22. Ne2 Kh8 23. Nf3 Nxh3+ 24. gxh3 Rxf3 25. Qg2 Bxh3 26. Qh2 Qg4+ 27. Ng3 h5
28. Rd3 Raf8 29. Re4 R8f4 30. Rxf4 gxf4 31. Rxf3 Qxf3 32. Qxh3 fxg3 33. fxg3
Qd1+ 34. Kh2 Qxc2+ 35. Qg2 Qxg2+ 36. Kxg2 Kg7 37. Kf3 Kf6 38. g4 h4 39. Kg2 Kg5
40. Kh3 e4 41. Kg2 Kxg4 42. Kf2 h3 43. Kg1 Kg3 {White resigns} 0-1

[Event "Team 45 45 League T69"]
[Site "Internet Chess Club"]
[Date "2016.06.19"]
[Round "2"]
[White "jjaillet2007"]
[Black "bhxm"]
[Result "0-1"]
[WhiteElo "1269"]
[BlackElo "1382"]
[Opening "Grünfeld: exchange variation"]
[ECO "D85"]
[Time "12:00:13"]
[TimeControl "2700+45"]

1. d4 Nf6 2. c4 g6 3. Nc3 d5 4. cxd5 Nxd5 5. e4 Nxc3 6. bxc3 Bg7 7. Bb2 O-O 8.
Nf3 Nc6 9. Bb5 a6 10. Bxc6 bxc6 11. O-O Bg4 12. h3 Be6 13. Ng5 Rb8 14. Nxe6 fxe6
15. Rb1 Rf4 16. e5 Qd5 17. a3 c5 18. Qd2 Bh6 19. Qd3 cxd4 20. cxd4 c5 21. Qxa6
cxd4 22. Qa7 Qb7 23. Qxb7 Rxb7 24. Ba1 Rxb1 25. Rxb1 Re4 26. Rb5 d3 27. Rb1 d2
28. Rd1 Re1+ {White resigns} 0-1